 Dungeon Crawl Stone Soup version 0.24.0-37-gcf1ca852f1 (webtiles) character file.

Game seed: 768923739397166624, levelgen mode: deterministic

342 lepoulpe303 the Insei (level 6, -4/47 HPs)
             Began as a Gnoll Transmuter on Dec 1, 2019.
             Slain by an orc wizard
             ... wielding a +2 spear of piercing
              (6 damage)
             ... on level 3 of the Dungeon.
             The game lasted 00:11:10 (3196 turns).

lepoulpe303 the Insei (Gnoll Transmuter)            Turns: 3196, Time: 00:11:10

Health: -4/47      AC:  2    Str: 12    XL:     6   Next: 57%
Magic:  11/14      EV: 24    Int: 17    God:
Gold:   84         SH:  0    Dex: 21    Spells: 0/15 levels left

rFire    . . .     SeeInvis .     - Unarmed
rCold    . . .     Gourm    .   (shield currently unavailable)
rNeg     . . .     Faith    .   (armour currently unavailable)
rPois    x         Spirit   .   (helmet currently unavailable)
rElec    .         Reflect  .   (cloak currently unavailable)
rCorr    .         Harm     .   (gloves currently unavailable)
MR       .....                  (boots currently unavailable)
Stlth    ++........             (no amulet)
HPRegen  0.15/turn              (no ring)
MPRegen  0.14/turn              (no ring)

@: spider-form
A: tiny, distributed training, strong nose
a: End Transformation


You were on level 3 of the Dungeon.
You were not hungry.
You were a venomous arachnid creature.
You visited 1 branch of the dungeon, and saw 3 of its levels.

You collected 84 gold pieces.

Inventory:

Missiles
 a - 17 poisoned darts (quivered)
 l - 2 boomerangs
 Q - 62 arrows
Armour
 b - a +0 robe (melded)
 d - a +0 pair of boots (melded)
 g - a cursed +0 leather armour
Jewellery
 n - an uncursed ring of positive energy {unknown}
 o - an uncursed amulet of faith {unknown}
 r - an uncursed ring of protection from magic {unknown}
Scrolls
 f - a scroll of immolation {unknown}
 h - a scroll of enchant armour {unknown}
 i - a scroll of amnesia {unknown}
 k - 2 scrolls of identify {unknown}
 q - 2 scrolls of remove curse {unknown}
 t - 3 scrolls of teleportation
 B - 4 scrolls of blinking {!r}
Potions
 c - 2 potions of heal wounds {unknown}
 j - a potion of lignification {unknown}
 m - 2 potions of haste {unknown}
Comestibles
 e - 4 rations
 p - 2 chunks of flesh


   Skills:
 + Level 3.2 Fighting
 + Level 2.0 Short Blades
 + Level 2.0 Long Blades
 + Level 2.0 Axes
 + Level 2.0 Maces & Flails
 + Level 2.0 Polearms
 + Level 2.0 Staves
 + Level 2.0 Slings
 + Level 2.0 Bows
 + Level 2.0 Crossbows
 + Level 2.0 Throwing
 + Level 2.0 Armour
 + Level 5.0 Dodging
 + Level 2.0 Stealth
 + Level 2.0 Shields
 + Level 6.8 Unarmed Combat
 + Level 5.4 Spellcasting
 + Level 1.5 Conjurations
 + Level 1.5 Hexes
 + Level 1.5 Charms
 + Level 1.5 Summonings
 + Level 1.5 Necromancy
 + Level 1.5 Translocations
 + Level 4.1 Transmutations
 + Level 1.5 Fire Magic
 + Level 1.5 Ice Magic
 + Level 1.5 Air Magic
 + Level 1.5 Earth Magic
 + Level 1.5 Poison Magic
 + Level 2.2 Invocations
 + Level 2.0 Evocations


You couldn't memorise any spells.
You knew the following spells:

 Your Spells              Type           Power        Failure   Level  Hunger
a - Beastly Appendage     Tmut           ###...       10%         1    None
b - Ice Form              Ice/Tmut       ##......     61%         4    ####...
c - Spider Form           Tmut/Pois      ##........   30%         3    ##.....
s - Sticks to Snakes      Tmut           ###.....     12%         2    #......
x - Blade Hands           Tmut           ###.......   77%         5    ######.

Your spell library contained the following spells:

 Spells                   Type           Power        Failure   Level  Hunger


Dungeon Overview and Level Annotations

Branches:
Dungeon (3/15)

Altars:
Qazlal
Wu Jian
Xom


Innate Abilities, Weirdness & Mutations

Your experience applies equally to all skills.
((You have very sharp teeth.))
Your uncanny sense of smell can sniff out nearby items.


Message History

* * * LOW HITPOINT WARNING * * *
x2 Something hits you.
* * * LOW HITPOINT WARNING * * *
x2 The orc wizard closely misses you.
You take 8 damage, and have 17/47 hp.
You hit the orc wizard. Something hits you.
* * * LOW HITPOINT WARNING * * *
x2 The orc wizard hits you but does no damage.
You take 7 damage, and have 10/47 hp.
You barely miss the orc wizard. You punch the orc wizard.
Something hits you but does no damage.
The orc wizard gestures at you while chanting.
The puff of flame hits you!
* * * LOW HITPOINT WARNING * * *
You take 9 damage, and have 1/47 hp.
The orc wizard barely misses you.
You turn into a venomous arachnid creature.
Your +0 pair of boots melds into your body.
Your +0 robe melds into your body.
Something hits you.
You die...

...... ....... ......
....... ...... .......
....## ........#....#
...........#..
..............
########)o............
#....so)S.............
####.<..########## #'#...
#.......#........###'#...
#.......#.##.....##.....#
#..........'.....'....###
#..........#.....#....#..
##..###....###'#.........
...# ##.................
... #.................


You could see an orc wizard, an adder and an orc.

Levels and vault maps discovered:
D:1:      roderic_crossed_star, layout_rooms, hangedman_feature_mirror
D:2:      layout_basic, chequers_temple_overflow_minitemple,
          chequers_ecumenical_altar_grove, minmay_cut_off
D:3:      layout_basic, nemelex_dance_club_becter, uniq_sigmund

Notes
Turn   | Place    | Note
-------+----------+-------------------------------------------
     0 | D:1      | lepoulpe303 the Gnoll Transmuter began the quest for the
                  | Orb.
     0 | D:1      | Reached XP level 1. HP: 17/17 MP: 6/6
    67 | D:1      | Identified a +0 club
    82 | D:1      | Reached XP level 2. HP: 21/23 MP: 7/7
   112 | D:1      | Identified a +0 club
   117 | D:1      | Identified a +0 club
   118 | D:1      | Identified a +0 club
   118 | D:1      | Identified a +0 club
   120 | D:1      | Identified a +0 dagger
   138 | D:1      | Identified a +0 club
   156 | D:1      | Learned a level 2 spell: Sticks to Snakes
   296 | D:1      | Reached XP level 3. HP: 22/28 MP: 9/9
   309 | D:1      | Identified a +0 club
   312 | D:1      | Reached skill level 5 in Spellcasting
   606 | D:1      | Identified a +0 club
   740 | D:1      | Identified a +0 club
   756 | D:1      | Reached skill level 1 in Invocations
   760 | D:1      | Identified a +0 short sword
   760 | D:1      | Identified a +0 club
   808 | D:1      | Identified a +0 club
   941 | D:2      | Reached skill level 1 in Short Blades
   941 | D:2      | Reached skill level 1 in Long Blades
   941 | D:2      | Reached skill level 1 in Axes
   941 | D:2      | Reached skill level 1 in Maces & Flails
   941 | D:2      | Reached skill level 1 in Polearms
   941 | D:2      | Reached skill level 1 in Staves
   941 | D:2      | Reached skill level 1 in Slings
   941 | D:2      | Reached skill level 1 in Bows
   941 | D:2      | Reached skill level 1 in Crossbows
   941 | D:2      | Reached skill level 1 in Throwing
   941 | D:2      | Reached skill level 1 in Armour
   941 | D:2      | Reached skill level 1 in Stealth
   941 | D:2      | Reached skill level 1 in Shields
   941 | D:2      | Reached skill level 1 in Evocations
   994 | D:2      | Identified a cursed -1 dagger
   994 | D:2      | Identified a +0 leather armour
   995 | D:2      | Identified a +0 mace
   995 | D:2      | Identified a +0 leather armour
   995 | D:2      | Identified a +0 flail
   995 | D:2      | Identified a +0 chain mail
   995 | D:2      | Identified a +0 flail
  1006 | D:2      | HP: 1/28 [orc/+0 flail (7)]
  1026 | D:2      | Reached XP level 4. HP: 4/34 MP: 11/11
  1328 | D:2      | Identified a +0 ring mail
  1562 | D:2      | Learned a level 3 spell: Spider Form
  1759 | D:2      | Identified a +0 dagger
  1771 | D:2      | Reached skill level 1 in Conjurations
  1771 | D:2      | Reached skill level 1 in Hexes
  1771 | D:2      | Reached skill level 1 in Charms
  1771 | D:2      | Reached skill level 1 in Summonings
  1771 | D:2      | Reached skill level 1 in Necromancy
  1771 | D:2      | Reached skill level 1 in Translocations
  1771 | D:2      | Reached skill level 1 in Fire Magic
  1771 | D:2      | Reached skill level 1 in Ice Magic
  1771 | D:2      | Reached skill level 1 in Air Magic
  1771 | D:2      | Reached skill level 1 in Earth Magic
  1771 | D:2      | Reached skill level 1 in Poison Magic
  1771 | D:2      | Reached XP level 5. HP: 35/40 MP: 5/12
  1896 | D:2      | Identified a +0 club
  1899 | D:2      | Identified a +0 club
  1913 | D:2      | Identified 3 scrolls of blinking
  1914 | D:2      | Identified 3 scrolls of teleportation
  1940 | D:2      | Reached skill level 3 in Fighting
  1951 | D:2      | Identified a +0 pair of boots (You found it on level 2 of
                  | the Dungeon)
  1973 | D:2      | Identified a +0 club
  1990 | D:2      | Found a shimmering altar of Xom.
  1990 | D:2      | Found an ornate altar of the Wu Jian Council.
  1996 | D:2      | Found a faded altar of an unknown god.
  1998 | D:2      | Found a stormy altar of Qazlal.
  1999 | D:2      | lepoulpe303: !whichgod gntr
  1999 | D:2      | meem: No keyword 'gntr'
  1999 | D:2      | lepoulpe303: !whichgod gntm
  1999 | D:2      | meem: 21 recent wins for gntm: 9x Cheibriados, 3x
                  | Ashenzari, 2x Nemelex Xobeh, Yredelemnul, Sif Muna, The
                  | Shining One, Wu Jian, Gozag, Hepliaklqana, Okawaru
  1999 | D:2      | Found a faded altar of an unknown god.
  2043 | D:2      | Identified a +0 whip
  2114 | D:2      | Reached skill level 4 in Transmutations
  2176 | D:2      | Found a faded altar of an unknown god.
  2424 | D:3      | Identified a +0 giant club
  2424 | D:3      | Noticed an ogre
  2440 | D:3      | Killed an ogre
  2440 | D:3      | Reached skill level 2 in Invocations
  2440 | D:3      | Reached XP level 6. HP: 31/47 MP: 10/13
  2453 | D:3      | Learned a level 4 spell: Ice Form
  2463 | D:3      | Learned a level 5 spell: Blade Hands
  2483 | D:3      | Identified a +0 whip
  2511 | D:3      | Identified a cursed +0 club
  2737 | D:3      | Identified a +0 hand axe
  2765 | D:3      | Identified a +0 morningstar
  2849 | D:3      | Identified a +0 hand axe
  2986 | D:3      | Identified a +0 leather armour
  2987 | D:3      | Identified a +0 hand axe
  2987 | D:3      | Identified a +0 leather armour
  2987 | D:3      | Identified a +0 falchion
  2987 | D:3      | Identified a +0 leather armour
  2988 | D:3      | Identified a +0 dagger
  3002 | D:3      | Reached skill level 2 in Short Blades
  3002 | D:3      | Reached skill level 2 in Long Blades
  3002 | D:3      | Reached skill level 2 in Axes
  3002 | D:3      | Reached skill level 2 in Maces & Flails
  3002 | D:3      | Reached skill level 2 in Polearms
  3002 | D:3      | Reached skill level 2 in Staves
  3002 | D:3      | Reached skill level 2 in Slings
  3002 | D:3      | Reached skill level 2 in Bows
  3002 | D:3      | Reached skill level 2 in Crossbows
  3002 | D:3      | Reached skill level 2 in Throwing
  3002 | D:3      | Reached skill level 2 in Armour
  3002 | D:3      | Reached skill level 5 in Dodging
  3002 | D:3      | Reached skill level 2 in Stealth
  3002 | D:3      | Reached skill level 2 in Shields
  3002 | D:3      | Reached skill level 2 in Evocations
  3178 | D:3      | Identified a +0 dagger
  3178 | D:3      | Identified a +0 leather armour
  3179 | D:3      | Identified a +2 spear of piercing
  3179 | D:3      | Identified a +0 robe
  3181 | D:3      | Identified a +0 hand axe
  3183 | D:3      | Identified a +0 dagger
  3183 | D:3      | Identified a +0 robe
  3193 | D:3      | HP: 11/47 [something (6)]
  3194 | D:3      | HP: 1/47 [orc wizard/puff of flame (9)]
  3196 | D:3      | Slain by an orc wizard

Table legend:
 A = Turns spent in this place as a percentage of turns spent in the entire game.
 B = Non-inter-level travel turns spent in this place as a percentage of non-inter-level travel turns spent in the entire game.
 C = Inter-level travel turns spent in this place as a percentage of turns spent in this place.
 D = Turns resting spent in this place as a percentage of non-inter-level travel turns spent in this place.
 E = Turns spent auto-exploring this place as a percentage of non-inter-level travel turns spent in this place.
 F = Non-inter-level travel turns spent in this place divided by the number of levels of this place that you've seen.
                   A       B       C       D       E      F
               +-------+-------+-------+-------+-------+----------------------
         Total | 100.0 | 100.0 |   2.7 |  34.8 |  42.2 | 1036.3
       Dungeon | 100.0 | 100.0 |   2.7 |  34.8 |  42.2 | 1036.3
               +-------+-------+-------+-------+-------+----------------------

Table legend:
 A = Kills in this place as a percentage of kills in entire the game.
 B = Kills by you in this place as a percentage of kills by you in the entire game.
 C = Kills by friends in this place as a percentage of kills by friends in the entire game.
 D = Other kills in this place as a percentage of other kills in the entire game.
 E = Experience gained in this place as a percentage of experience gained in the entire game.
 F = Experience gained in this place divided by the number of levels of this place that you have seen.
                   A       B       C       D       E      F
               +-------+-------+-------+-------+-------+----------------------
         Total | 100.0 | 100.0 |   N/A |   N/A | 100.0 | 163.0
       Dungeon | 100.0 | 100.0 |   N/A |   N/A | 100.0 | 163.0
               +-------+-------+-------+-------+-------+----------------------

Skill      XL: |  1  2  3  4  5  6 |
---------------+-------------------+-----
Spellcasting   | 5 |  5.4
Invocations    | 1 2 |  2.2
Short Blades   | 1 2 |  2.0
Long Blades    | 1 2 |  2.0
Axes           | 1 2 |  2.0
Maces & Flails | 1 2 |  2.0
Polearms       | 1 2 |  2.0
Staves         | 1 2 |  2.0
Slings         | 1 2 |  2.0
Bows           | 1 2 |  2.0
Crossbows      | 1 2 |  2.0
Throwing       | 1 2 |  2.0
Armour         | 1 2 |  2.0
Stealth        | 1 2 |  2.0
Shields        | 1 2 |  2.0
Evocations     | 1 2 |  2.0
Conjurations   | 1 |  1.5
Hexes          | 1 |  1.5
Charms         | 1 |  1.5
Summonings     | 1 |  1.5
Necromancy     | 1 |  1.5
Translocations | 1 |  1.5
Fire Magic     | 1 |  1.5
Ice Magic      | 1 |  1.5
Air Magic      | 1 |  1.5
Earth Magic    | 1 |  1.5
Poison Magic   | 1 |  1.5
Fighting       | 3 |  3.2
Transmutations | 4 |  4.1
Dodging        | 5 |  5.0
Unarmed Combat | |  6.8

Action                   |  1- 3 |  4- 6 || total
-------------------------+-------+-------++-------
Melee: Unarmed           |    85 |   152 ||   237
       Headbutt          |     8 |     1 ||     9
       Kick              |     3 |     5 ||     8
       Punch             |     2 |     4 ||     6
       Bite              |     5 |     8 ||    13
Throw: Dart              |    25 |       ||    25
 Cast: Beastly Appendage |     9 |     4 ||    13
       Sticks to Snakes  |     1 |       ||     1
       Spider Form       |       |     6 ||     6
  Use: Scroll            |       |     2 ||     2
 Stab: Distracted        |     1 |       ||     1
       Sleeping          |     1 |     2 ||     3
  Eat: Chunk             |       |     8 ||     8
Armor: Robe              |    16 |    13 ||    29
Dodge: Dodged            |    65 |   113 ||   178

Vanquished Creatures
  An ogre (D:3)
  A crimson imp (D:2)
  An orc priest (D:3)
  An iguana (D:2)
  6 adders
  An ooze (D:1)
  A worm (D:2)
  6 dart slugs
  2 leopard geckos
  11 orcs
  2 ball pythons
  6 bats
  A giant cockroach (D:2)
  13 goblins
  8 hobgoblins
  9 jackals
  A quokka (D:2)
  4 frilled lizards
  7 kobolds
  8 rats
90 creatures vanquished.
